 Dungeon Crawl Stone Soup version 0.30-a0-702-gdf48620a09 (webtiles) character file.

Game seed: 8992528131102323569

63 croobank the Sneak (level 4, 0/31 HPs)
             Began as an Octopode Delver on Jan 21, 2023.
             Was an Initiate of Gozag.
             Killed from afar by a dart slug (5 damage)
             ... with a slug dart
             ... on level 3 of the Dungeon.
             The game lasted 00:04:42 (1850 turns).

croobank the Sneak (Octopode Delver)                Turns: 1850, Time: 00:04:42

Health: 0/31       AC:  1    Str: 11    XL:     4   Next: 10%
Magic:  4/4        EV: 14    Int: 14    God:    Gozag
Gold:   356        SH:  0    Dex: 19    Spells: 3/3 levels left

rFire   . . .      SeeInvis +    v - +0 dagger
rCold   . . .      Faith    .    (no shield)
rNeg    . . .      Spirit   .    (helmet restricted)
rPois   .          Reflect  .    (no amulet)
rElec   .          Harm     .    g - ring of see invisible
rCorr   .          Rampage  .    r - +6 ring of dexterity
Will    .....                    (no ring)
Stlth   +++++                    (no ring)
HPRegen 0.25/turn                (no ring)
MPRegen 0.09/turn                (no ring)
                                 (no ring)
                                 (no ring)

@: no status effects
A: almost no armour, amphibious, 8 rings, camouflage 1, gelatinous body 1,
(nimble swimmer 1), tentacles
a: Renounce Religion, Potion Petition, Call Merchant, Bribe Branch


You were on level 3 of the Dungeon.
You worshipped Gozag.
Gozag was aware of your devotion.
You visited 1 branch of the dungeon, and saw 6 of its levels.

You collected 375 gold pieces.
You paid 19 gold pieces to Gozag.

Inventory:

Hand Weapons
 v - a +0 dagger (weapon)
Missiles
 t - 2 javelins (quivered)
 w - 2 poisoned darts
Jewellery
 g - a ring of see invisible (left tentacle)
 r - a +6 ring of dexterity (right tentacle)
Wands
 e - a wand of digging (12)
Scrolls
 a - 2 scrolls of fog
 b - 2 scrolls of magic mapping
 c - a scroll of fear
 f - 2 scrolls of teleportation {unknown}
 j - a scroll of summoning {unknown}
 m - a scroll of blinking {unknown}
 n - 2 scrolls of immolation {unknown}
 p - 2 scrolls of enchant weapon {unknown}
 s - a scroll of noise {unknown}
 u - a scroll of brand weapon {unknown}
Potions
 d - a potion of haste
 h - a potion of resistance {unknown}
 i - a potion of brilliance {unknown}
 k - a potion of magic {unknown}
 l - a potion of lignification {unknown}
 o - 2 potions of curing {unknown}
 q - a potion of ambrosia {unknown}


   Skills:
 + Level 3.5 Fighting
 + Level 2.6 Dodging
 + Level 7.1 Stealth
 + Level 2.7 Unarmed Combat


You had 3 spell levels left.
You didn't know any spells.
Your spell library was empty.

Dungeon Overview and Level Annotations

Branches:
Dungeon (6/15)
 Temple: D:4-7

Altars:
Gozag

Annotations:
D:3 1 runed translucent door, Nabski's ghost, amateur TeFE
D:5 Ijyb


Innate Abilities, Weirdness & Mutations

You cannot wear most types of armour.
You are amphibious.
You can wear up to eight rings at the same time.
Your skin changes colour to match your surroundings (Stealth+).
Your rubbery body absorbs attacks. (AC +1, EV +1)
((You are camouflaged when in or above water. (Stealth+)))
You have tentacles for arms and can constrict up to eight enemies at once.


Message History

You now have 334 gold pieces (gained 10).
Found a scale mail, a scroll of fog and 16 gold pieces.
e - a wand of digging (12) (gained 7 charges)
a - 2 scrolls of fog (gained 1)
You now have 350 gold pieces (gained 16).
A dart slug comes into view.
The helpless dart slug fails to defend itself.
You impale the dart slug!!
You kill the dart slug!
You now have 356 gold pieces (gained 6).
Found a robe.
A hound comes into view.
A dart slug and a rat come into view.
A dart slug comes into view.
The hound barks!
You hear an angry hiss.
The hound bites you. The dart slug bites you.
You hit the hound but do no damage. Your grab misses the hound.
The hound barely misses you. The hound bites you.
The dart slug launches a dart at you. The slug dart hits you.
You miss the hound. Your grab misses the hound.
Your tentacle-slap misses the hound.
You squeeze the hound!
The hound is heavily wounded.
The hound barely misses you. The dart slug launches a dart at you.
The slug dart hits you. The hound barely misses you.
You closely miss the hound. Your grab misses the hound.
The hound is heavily wounded.
The hound bites you.
* * * LOW HITPOINT WARNING * * *
The hound bites you.
* * * LOW HITPOINT WARNING * * *
As you read the scroll of fear, it crumbles to dust.
You assume a fearsome visage.
The dart slug looks frightened!
The hound looks frightened!
The rat looks frightened!
The dart slug launches a dart at you. The slug dart hits you.
You die...
Your body crumbles into a pile of gold.

##### ##...## ##
########.....# ##.#
##............#
....###..######.....#
#.......## ##...##
####.....# ##.## ##.@.##
#####.##### ##.##
#.......#.## #.#
#.###....#.# ####.##
###.#.# #.....# #
####.#.## .# ##..###.##
#.##........ ...#..
$#w.## .......#.#. #....#
##...## ##..###.#.
#.....##.....####......#.


You could see a dart slug.

Vanquished Creatures
  3 adders
  A worm (D:2)
  A dart slug (D:3)
  3 endoplasms
  2 giant cockroaches (D:1)
  3 hobgoblins
  2 jackals (D:2)
  3 kobolds
  2 quokkas (D:2)
  A ball python (D:2)
  6 bats
  A frilled lizard (D:1)
  A goblin (D:3)
  2 rats (D:1)
31 creatures vanquished.

Notes
Turn   | Place    | Note
-------+----------+-------------------------------------------
     0 | D:5      | croobank the Octopode Delver began the quest for the Orb.
     0 | D:5      | Reached XP level 1. HP: 16/16 MP: 1/1
     3 | D:5      | Noticed Ijyb
    32 | D:5      | Became a worshipper of Gozag Ym Sagoz the Greedy
   271 | D:2      | Reached XP level 2. HP: 12/21 MP: 2/2
   535 | D:1      | Found a faded altar of an unknown god.
   799 | D:1      | Reached XP level 3. HP: 25/26 MP: 3/3
  1403 | D:2      | Reached skill level 7 in Stealth
  1571 | D:2      | Identified the +6 scale mail of the Tick {rC- Regen+ rCorr
                  | Dex+4}
  1615 | D:3      | Found a runed translucent door.
  1616 | D:3      | Noticed Nabski's ghost (amateur TeFE)
  1780 | D:3      | Reached XP level 4. HP: 31/31 MP: 4/4
  1850 | D:3      | Killed from afar by a dart slug

Illustrated notes

Levels and vault maps discovered:
D:1:      wheals_arrival_linesprint, layout_loops_cross,
          shapermc_ecumenical_altar_mp_urbaneastern
D:2:      layout_basic
D:3:      layout_loops_corners, ebering_ghost_sewer_d, minmay_bisected
D:4:      layout_loops_corners, kennysheep_little_box, uniq_robin
D:5:      layout_rooms, nicolae_gozag_cash_rules_everything_around_me,
          lemuel_flamethrower_2, uniq_sigmund, uniq_edmund, uniq_ijyb
D:6:      layout_basic, minmay_temple_entry_waves, nicolae_water_bricks,
          minivault_1, uniq_pikel, uniq_blork_the_orc

Skill      XL: |  1  2  3 |
---------------+----------+-----
Stealth        | 7 |  7.1
Fighting       | |  3.5
Dodging        | |  2.6
Unarmed Combat | |  2.7

Action                   |  1- 3 |  4- 6 || total
-------------------------+-------+-------++-------
Melee: Unarmed           |    45 |       ||    45
       Tentacles         |    12 |     1 ||    13
       Constrict         |     8 |       ||     8
       Dagger            |    14 |     4 ||    18
  Use: Scroll            |       |     1 ||     1
 Stab: Sleeping          |     7 |     1 ||     8
       Distracted        |     1 |       ||     1
Armor: Skin              |    10 |       ||    10
Dodge: Dodged            |    34 |     3 ||    37

Table legend: (Time is in decaauts)
 A = Elapsed time spent in this place.
 B = Non-inter-level travel time spent in this place.
 C = Inter-level travel time spent in this place.
 D = Time resting spent in this place.
 E = Time spent auto-exploring this place.
 F = Levels seen in this place.
 G = Mean time per level.
                   A        B        C        D        E       F      G
               +--------+--------+--------+--------+--------+-----+--------+
         Total |   1846 |   1772 |     74 |     56 |   1227 |   6 |  307.7 |
       Dungeon |   1846 |   1772 |     74 |     56 |   1227 |   6 |  307.7 |
               +--------+--------+--------+--------+--------+-----+--------+

Top non-repeatable levels by time:
     D:1: 835 daAuts
     D:2: 687 daAuts
     D:3: 260 daAuts
     D:5: 49 daAuts
     D:4: 7 daAuts
     D:6: 6 daAuts
